General information
- name: Partida local (miguel)
- type: Custom game
- host: miguel
- saver: miguel
map: BanditRidge
- players: 2
- length: 49:45
- speed: Fast
- version: 1.26 W3XP
- replay type: Public
» download(239 KB)
Players
team 1 (winner)
miguel (
brown | 40 APM | 2003 actions | 49:45)
5 Blood Mage
3 Flame Strike
1 Siphon Mana
1 Banish
4 Mountain King
2 Storm Bolt
2 Bash
» actions
Assign group hotkey | 44 | |
Basic commands | 1 | |
Build / train | 135 | |
Enter build submenu | 49 | |
Enter hero's abilities submenu | 12 | |
Give item / drop item | 8 | |
Remove unit from queue | 3 | |
Right click | 901 | |
Select / deselect | 477 | |
Select group hotkey | 189 | |
Use ability | 182 | |
2003 total
» units
Peasant | 29 | |
Footman | 5 | |
Rifleman | 4 | |
Sorceress | 3 | |
Spell Breaker | 1 | |
Mortar Team | 1 | |
Knight | 2 | |
Dragonhawk Rider | 5 | |
50 total
» upgrades
Lumber Harvesting | 2 | |
Sorceress Training | 2 | |
Long Rifles | 1 | |
Armor | 3 | |
Control Magic | 1 | |
Animal War Training | 1 | |
Plating | 3 | |
Cloud | 1 | |
Magic Sentry | 1 | |
Masonry | 2 | |
Priest Training | 2 | |
Backpack | 1 | |
Gunpowder | 1 | |
Swords | 1 | |
Defend | 1 | |
23 total
» buildings
Altar of Kings | 1 | |
Farm | 10 | |
Arcane Vault | 2 | |
Lumber Mill | 1 | |
Barracks | 1 | |
Scout Tower | 21 | |
Arcane Tower | 5 | |
Keep | 1 | |
Town Hall | 4 | |
Guard Tower | 10 | |
Arcane Sanctum | 1 | |
Blacksmith | 1 | |
Workshop | 2 | |
Castle | 1 | |
Gryphon Aviary | 2 | |
63 total
» build order
00:05 Altar of Kings
00:15 Farm
00:58 Arcane Vault
01:44 Farm
01:56 Lumber Mill
02:28 Barracks
02:42 Farm
02:52 Scout Tower
03:26 Arcane Tower
04:34 Keep
05:19 Scout Tower
05:22 Scout Tower
05:24 Scout Tower
05:26 Scout Tower
05:38 Town Hall
05:54 Arcane Tower
06:02 Guard Tower
06:08 Guard Tower
06:16 Arcane Tower
06:38 Scout Tower
07:05 Scout Tower
07:30 Arcane Sanctum
07:35 Blacksmith
08:18 Farm
10:14 Workshop
10:26 Scout Tower
10:28 Scout Tower
10:29 Scout Tower
10:53 Farm
10:56 Farm
11:06 Castle
11:24 Guard Tower
11:44 Scout Tower
11:46 Guard Tower
14:08 Farm
14:08 Farm
14:27 Guard Tower
14:30 Guard Tower
14:35 Guard Tower
15:58 Workshop
17:09 Scout Tower
17:11 Scout Tower
17:14 Scout Tower
17:17 Town Hall
17:28 Scout Tower
17:42 Guard Tower
17:45 Scout Tower
17:48 Town Hall
18:09 Farm
18:21 Arcane Tower
19:47 Gryphon Aviary
19:58 Guard Tower
22:20 Gryphon Aviary
23:42 Farm
25:51 Arcane Vault
29:54 Guard Tower
30:59 Scout Tower
31:01 Scout Tower
31:08 Scout Tower
31:09 Scout Tower
31:12 Scout Tower
31:40 Arcane Tower
32:16 Town Hall
» items
Scroll of Regeneration | 2 | |
Mechanical Critter | 1 | |
Lesser Clarity Potion | 1 | |
Ivory Tower | 4 | |
Scroll of Healing | 6 | |
Circlet of Nobility | 2 | |
Staff of Teleportation | 1 | |
Potion of Lesser Invulnerability | 1 | |
Boots of Speed | 1 | |
Potion of Mana | 3 | |
Scroll of Town Portal | 5 | |
Orb of Fire | 1 | |
Staff of Sanctuary | 1 | |
Potion of Healing | 1 | |
30 total
team 2 (loser)
kodachi (
pink | 51 APM | 2170 actions | 42:21)
4 Blademaster
2 Wind Walk
1 Critical Strike
1 Mirror Image
3 Shadow Hunter
1 Healing Wave
2 Hex
» actions
Assign group hotkey | 23 | |
Basic commands | 4 | |
Build / train | 69 | |
Enter build submenu | 32 | |
Enter hero's abilities submenu | 8 | |
Remove unit from queue | 9 | |
Right click | 1328 | |
Select / deselect | 477 | |
Select group hotkey | 103 | |
Use ability | 115 | |
2170 total
» units
Peon | 11 | |
Grunt | 6 | |
Troll Headhunter/Berserker | 6 | |
Demolisher | 4 | |
Wind Rider | 6 | |
Spirit Walker | 2 | |
35 total
» upgrades
Spiked Barricades | 1 | |
Pillage | 1 | |
Berserker Strength | 1 | |
Spirit Walker Training | 1 | |
Ranged Weapons | 2 | |
6 total
» buildings
Altar of Storms | 1 | |
Orc Burrow | 6 | |
War Mill | 1 | |
Barracks | 2 | |
Watch Tower | 9 | |
Voodoo Lounge | 1 | |
Stronghold | 1 | |
Beastiary | 3 | |
Spirit Lodge | 1 | |
Fortress | 0 | |
Great Hall | 1 | |
26 total
» build order
00:09 Altar of Storms
00:18 Orc Burrow
00:33 War Mill
01:04 Barracks
02:00 Orc Burrow
02:38 Watch Tower
03:15 Voodoo Lounge
03:50 Watch Tower
04:27 Barracks
06:00 Stronghold
07:45 Watch Tower
08:48 Orc Burrow
08:51 Orc Burrow
12:07 Watch Tower
13:52 Watch Tower
14:03 Beastiary
14:09 Spirit Lodge
17:11 Beastiary
17:24 Beastiary
17:28 Watch Tower
17:43 Watch Tower
18:47 Orc Burrow
18:50 Orc Burrow
20:37 Watch Tower
22:18 Fortress
24:11 Great Hall
25:28 Watch Tower
» items
Healing Salve | 4 | |
Lesser Clarity Potion | 3 | |
Scroll of Speed | 2 | |
Potion of Mana | 2 | |
Potion of Healing | 1 | |
12 total
Chat log
(26:02 / All) kodachi: ACHO ME HE DESPISTAO Y ME LSO HAS MATAO
(27:58 / All) kodachi: LOS JINETES DEL VIENTO SON UNA GRAN MIERDA
(28:03 / All) miguel: son wenos xD
(30:32 / All) kodachi: NO TENGO ORO MOTHERFUCKER
(32:31 / All) kodachi: ke bien mel o paso paseandome
(35:01 / All) miguel: haz algo
(35:21 / All) kodachi: cd vea l a repetición te vas a reir
(35:37 / All) miguel: xq ?
(35:38 / All) miguel: xD
(35:44 / All) kodachi: porke no tengo na
(35:48 / All) kodachi: desde hace tiempo
(35:54 / All) miguel: algo tendras ehehe
(36:09 / All) kodachi: venga quĆtate la capa nocturna
(36:34 / All) kodachi: te espero en mi basee
(36:39 / All) miguel: por mi pueblo
(36:54 / All) miguel: vale
(37:02 / All) kodachi: uno contra uno
(38:07 / All) miguel: voy
(42:10 / All) kodachi: jajaja
(42:11 / All) miguel: muere
(42:12 / All) miguel: xD
(42:17 / All) kodachi: adios